AoeStats
← Michi3052

Four Lakes

509179205Analyzed
1v1 RM · 6d ago on Sep 25, 2026· 39m 47s· 2 players
Game mode
Random Map
Map size
Tiny (2 player)
Population
200
Speed
Normal
Resources
Standard
Victory
Conquest
Starting age
Dark Age
Ending age
Imperial Age
RankedLock teamsTeams togetherTeam positionsShared explorationLock speedFull tech treeHidden civsTurbo modeCheats
Victory
Defeat
🇨🇴 Persians · Colombia
750
+16
🇪🇸 Turks · Spain
756
-16
GPRK | LORD JOHFRE
5:05 Loom
13:01 Feudal Age
13:00 Man-at-Arms
13:29 Double-Bit Axe
25:15 Castle Age
25:58 Bloodlines
27:21 Husbandry
27:25 Gold Mining
30:55 Bow Saw
32:05 Wheelbarrow
32:24 Forging
32:20 Scale Barding Armor
34:34 Iron Casting
33:55 Fishing Lines
35:16 Chain Barding Armor
Michi3052
12:36 Feudal Age
12:44 Man-at-Arms
13:33 Loom
23:35 Double-Bit Axe
25:09 Wheelbarrow
24:22 Fishing Lines
27:46 Castle Age
27:19 Bloodlines
27:42 Forging
27:39 Scale Barding Armor
28:41 Husbandry
29:32 Iron Casting
37:40 Imperial Age
36:15 Fletching
36:23 Gold Mining
37:43 Gold Shaft Mining
Connection lost

Rejoining the realm…

Still unreachable

The connection could not be restored.

Session expired

The server has moved on; the page needs a fresh start.